AoeStats
← A.Raziel

Arabia

505900662Analyzed
1v1 RM · 22d ago on Sep 11, 2026· 12m 29s· 2 players
Game mode
Random Map
Map size
Tiny (2 player)
Population
200
Speed
Normal
Resources
Standard
Victory
Conquest
Starting age
Dark Age
Ending age
Imperial Age
RankedLock teamsTeams togetherTeam positionsShared explorationLock speedFull tech treeHidden civsTurbo modeCheats
Victory
Defeat
🇹🇼 Wei · Taiwan
1332
+16
🇲🇽 Maya · Mexico
1330
-16
A.Raziel
0:26 Loom
8:56 Feudal Age
10:44 Town Watch
11:35 Double-Bit Axe
11:34 Horse Collar
jeff852
5:34 Loom
8:46 Feudal Age
9:26 Double-Bit Axe
Connection lost

Rejoining the realm…

Still unreachable

The connection could not be restored.

Session expired

The server has moved on; the page needs a fresh start.